 Dungeon Crawl Stone Soup version 0.23-a0-767-gdc19b93d68 (webtiles) character file.

390 LLavrengius the Changer (level 6, -7/43 HPs)
             Began as an Octopode Transmuter on Jan 19, 2019.
             Splashed by a jelly's acid (9 damage)
             ... on level 5 of the Dungeon.
             The game lasted 00:16:18 (5500 turns).

LLavrengius the Changer (Octopode Transmuter)       Turns: 5500, Time: 00:16:19

Health: -7/43      AC: -2    Str:  9    XL:     6   Next: 80%
Magic:  3/9        EV: 20    Int: 17    God:
Gold:   266        SH:  0    Dex: 18    Spells: 3/9 levels left

rFire    . . .     SeeInvis .     - Unarmed
rCold    . . .     Gourm    .   (shield currently unavailable)
rNeg     . . .     Faith    .   (helmet currently unavailable)
rPois    x         Spirit   .   (no amulet)
rElec    .         Reflect  .   (no ring)
rCorr    .         Harm     .   (no ring)
MR       .....                  (no ring)
Stlth    ++........             (no ring)
HPRegen  0.14/turn              (no ring)
MPRegen  0.11/turn              (no ring)
                                (no ring)
                                (no ring)

@: spider-form, corroded, very slightly contaminated
A: tiny, almost no armour, stealthy swim, (amphibious), 8 rings, (constrict 8)
a: End Transformation


You were on level 5 of the Dungeon.
You were not hungry.
You were a venomous arachnid creature.
You visited 1 branch of the dungeon, and saw 5 of its levels.

You collected 266 gold pieces.

Inventory:

Missiles
 a - 39 arrows
Jewellery
 u - an uncursed ring of ice
Wands
 j - a wand of clouds (5)
Scrolls
 f - a scroll of remove curse
 i - 3 scrolls of blinking
 m - 2 scrolls of identify
Potions
 b - 3 potions of lignification
 d - a potion of heal wounds {unknown}
 k - 2 potions of curing {unknown}
 l - 4 potions of mutation {unknown}
 n - a potion of flight {unknown}
 p - 2 potions of berserk rage {unknown}
 s - 2 potions of might {unknown}
Comestibles
 c - 6 rations
 g - a chunk of flesh


   Skills:
 + Level 4.1 Fighting
 - Level 2.0 Dodging
 - Level 3.0 Unarmed Combat
 - Level 2.0 Spellcasting
 + Level 5.6 Transmutations


You had 3 spell levels left.
You knew the following spells:

 Your Spells              Type           Power        Failure   Level  Hunger
a - Beastly Appendage     Tmut           ###...       8%          1    #......
b - Sticks to Snakes      Tmut           ###.....     11%         2    ###....
c - Spider Form           Tmut/Pois      ##........   38%         3    ###....

Your spell library contained the following spells:

 Spells                   Type           Power        Failure   Level  Hunger
 Blade Hands              Tmut           ###.......   69%         5    ######.
 Ice Form                 Ice/Tmut       ##......     73%         4    #####..


Dungeon Overview and Level Annotations

Branches:
Dungeon (5/15)
 Temple: D:4-7

Altars:
Ashenzari
Dithmenos
Qazlal
Trog
Uskayaw
Yredelemnul


Innate Abilities, Weirdness & Mutations

You cannot wear most types of armour.
You are very stealthy in the water. (Stealth+)
((You are amphibious.))
You can wear up to eight rings at the same time.
((You can use your tentacles to constrict eight enemies at once.))
((Your skin changes colour to match your surroundings (Stealth+).))
((Your rubbery body absorbs attacks. (AC +1, EV +1)))


Message History

You feel slightly ill. The jelly barely misses you.
Casting: Spider Form (safe; 19% risk of failure)
Confirm with . or Enter, or press ? or * to list all spells.
You turn into a venomous arachnid creature.
The jelly hits you.
You are splashed with acid!
The acid burns!
* * * LOW HITPOINT WARNING * * *
You hit the jelly. The acid corrodes you!
Your front legs burn!
* * * LOW HITPOINT WARNING * * *
The jelly is lightly wounded.
The jelly misses you.
You hit the jelly.
Your front legs burn!
* * * LOW HITPOINT WARNING * * *
The jelly is moderately wounded.
You hit the jelly.
The jelly is poisoned.
Your front legs burn!
* * * LOW HITPOINT WARNING * * *
The jelly is moderately wounded.
The jelly hits you.
* * * LOW HITPOINT WARNING * * *
You are splashed with acid!
The acid burns!
You die...

#..........<..
#.............
#............#
#...........#
##..........#
#..........# ####
#........# ....##
#.....sJ#
......#####.....###
...............##
.........#####..#
........## ##..#
.........# #..#
.........# #..#
.........# ....
.........# ...


You could see a jelly.

Vanquished Creatures
  A howler monkey (D:5)
  A bullfrog skeleton (D:4)
  An orc priest (D:3)
  An orc wizard (D:3)
  A worker ant (D:5)
  10 adders
  A gnoll (D:2)
  2 oozes
  A dart slug (D:2)
  12 orcs (D:3)
  4 bats
  6 giant cockroaches
  11 goblins
  9 hobgoblins
  6 jackals (D:2)
  3 quokkas (D:3)
  6 frilled lizards
  4 kobolds
  6 rats
  A fungus (D:1)
87 creatures vanquished.

Vanquished Creatures (collateral kills)
  A scorpion (D:2)
  3 gnolls (D:2)
  A dart slug (D:2)
  A goblin (D:2)
  A kobold (D:2)
  2 frilled lizards (D:2)
9 creatures vanquished.

Grand Total: 96 creatures vanquished

Notes
Turn   | Place    | Note
-------+----------+-------------------------------------------
     0 | D:1      | LLavrengius the Octopode Transmuter began the quest for the
                  | Orb.
     0 | D:1      | Reached XP level 1. HP: 13/13 MP: 3/3
   381 | D:1      | Reached XP level 2. HP: 18/18 MP: 5/5
   516 | D:1      | Learned a level 2 spell: Sticks to Snakes
   594 | D:1      | Reached skill level 3 in Transmutations
   777 | D:2      | Reached XP level 3. HP: 8/23 MP: 4/6
  1369 | D:2      | Learned a level 3 spell: Spider Form
  1399 | D:2      | Noticed a scorpion
  1435 | D:2      | Killed a scorpion
  1435 | D:2      | Reached XP level 4. HP: 28/28 MP: 1/7
  1507 | D:2      | Reached skill level 4 in Transmutations
  1686 | D:2      | Found a shadowy altar of Dithmenos.
  2206 | D:2      | Reached XP level 5. HP: 32/35 MP: 8/8
  3409 | D:3      | Reached skill level 5 in Transmutations
  3500 | D:3      | Reached XP level 6. HP: 36/42 MP: 7/9
  4652 | D:4      | Noticed a phantom
  4830 | D:4      | Found a stormy altar of Qazlal.
  4841 | D:4      | Found a hide-covered altar of Uskayaw.
  5003 | D:4      | Found a bloodstained altar of Trog.
  5184 | D:4      | Found a shattered altar of Ashenzari.
  5302 | D:4      | Found a basalt altar of Yredelemnul.
  5408 | D:5      | Entered Level 5 of the Dungeon
  5459 | D:5      | Noticed an ice beast
  5500 | D:5      | HP: 2/43 [jelly (1)]
  5500 | D:5      | Splashed by a jelly's acid

Vault maps used:
D:1:      dpeg_cavernosity
D:2:      grunt_dithmenos_smoke
D:3:      first_ration
D:4:      lemuel_round_altar, nicolae_overflow_quartered_altars
D:5:      tgw_sif, uniq_blork_the_orc

Skill      XL: |  1  2  3  4  5  6 |
---------------+-------------------+-----
Transmutations | 3 4 5 |  5.6
Fighting       | 2 3 4 |  4.1
Dodging        | |  2.0
Unarmed Combat | |  3.0
Spellcasting   | |  2.0

Action                   |  1- 3 |  4- 6 || total
-------------------------+-------+-------++-------
Melee: Unarmed           |    64 |   205 ||   269
       Constrict         |    16 |    44 ||    60
       Tentacles         |     8 |    30 ||    38
       Punch             |     2 |     4 ||     6
       Kick              |     7 |    19 ||    26
 Cast: Beastly Appendage |     4 |     9 ||    13
       Sticks to Snakes  |    10 |     4 ||    14
       Spider Form       |       |     3 ||     3
  Use: Scroll            |       |    10 ||    10
 Stab: Sleeping          |     7 |     7 ||    14
       Distracted        |       |     1 ||     1
  Eat: Chunk             |     2 |     8 ||    10
       Ration            |       |     2 ||     2
Armor: Skin              |     7 |    12 ||    19
Dodge: Dodged            |    33 |   115 ||   148

Table legend:
 A = Non-vault XP
 B = Vault XP
 C = Vault XP percentage of total XP
 D = Non-vault monster count
 E = Vault monster count
 F = Vault count percentage of total count
                 A         B        C        D         E       F
            +---------+---------+-------+---------+---------+-------
      Total |     550 |       8 |   1.4 |      91 |       4 |   4.2
            +---------+---------+-------+---------+---------+-------
        D:1 |      12 |       8 |  40.0 |       8 |       4 |  33.3
        D:2 |     194 |       0 |   0.0 |      41 |       0 |   0.0
        D:3 |     194 |       0 |   0.0 |      34 |       0 |   0.0
        D:4 |      51 |       0 |   0.0 |       4 |       0 |   0.0
        D:5 |      99 |       0 |   0.0 |       4 |       0 |   0.0
            +---------+---------+-------+---------+---------+-------
